 Dungeon Sprint DCSS version 0.21.2 (webtiles) character file.

20836 Fang the Severer (level 12, -3/91 HPs)
             Began as a Gargoyle Berserker on Sept 20, 2018.
             Was the Champion of Trog.
             Slain by a black draconian knight
             ... wielding a +1 halberd
              (7 damage)
             ... in the Dungeon (Sprint VII: "The Pits").
             The game lasted 00:09:35 (3001 turns).

Fang the Severer (Gargoyle Berserker)               Turns: 3001, Time: 00:09:36

Health: -3/91      AC: 21    Str: 31    XL:     12   Next: 83%
Magic:  6/12       EV: 15    Int:  9    God:    Trog [******]
Gold:   20         SH:  0    Dex:  9    Spells: 11/11 levels left

rFire    . . .     SeeInvis .   t - +4 battleaxe (flame)
rCold    . . .     Gourm    .   (shield currently unavailable)
rNeg     + . .     Faith    .   m - +3 scale mail
rPois    ∞         Spirit   .   (no helmet)
rElec    +         Reflect  .   (no cloak)
rCorr    .         Harm     .   (no gloves)
MR       .....     NoTele   +   (no boots)
Stlth    ++........             (no amulet)
HPRegen  0.25/turn              n - +3 ring of strength
MPRegen  0.13/turn              q - +3 ring of strength

@: berserk cooldown, slowed, very slow
A: negative energy resistance 1, electricity resistance, unbreathing,
petrification resistance, rot immunity, AC +8
a: Berserk, Trog's Hand, Brothers in Arms, Burn Spellbooks, Renounce Religion


You were in the Dungeon.
You worshipped Trog.
Trog was exalted by your worship.
You were hungry.

You visited 1 branch You collected 20 gold pieces.

Inventory:

Hand Weapons
 b - a +5 antimagic battleaxe
 j - a +2 hand axe of freezing
 s - a +1 broad axe of chopping
 t - a +4 battleaxe of flaming (weapon)
Armour
 m - a +3 scale mail (worn)
Jewellery
 n - a +3 ring of strength (left hand)
 q - a +3 ring of strength (right hand)
 z - an uncursed ring of positive energy
 A - an uncursed ring of positive energy
 B - an uncursed ring of magical power
Wands
 u - a wand of disintegration (6)
Scrolls
 i - a scroll of blinking
 k - 5 scrolls of remove curse
 l - a scroll of summoning
 v - 2 scrolls of fear
 w - 2 scrolls of enchant armour
 x - 2 scrolls of enchant weapon
 y - 3 scrolls of fog
Potions
 a - 2 potions of invisibility
 d - 10 potions of curing
 e - 10 potions of heal wounds
 f - 3 potions of haste
 g - 4 potions of magic
 h - 3 potions of berserk rage
 o - 2 potions of might
 p - 3 potions of brilliance
 r - 3 potions of agility
Comestibles
 c - 9 rations
 C - 2 chunks of flesh


   Skills:
 + Level 17.1 Fighting
 + Level 19.6 Axes
 + Level 13.6 Armour
 + Level 9.4 Dodging
 + Level 6.6 Stealth


You had 11 spell levels left.
You didn't know any spells.

Dungeon Overview and Level Annotations

Branches:
Dungeon (1/1)

Altars:
Ashenzari
Cheibriados
Dithmenos
Elyvilon
Fedhas
Gozag
Hepliaklqana
Kikubaaqudgha
Makhleb
Nemelex Xobeh
Okawaru
Qazlal
Ru
Sif Muna
Trog
Uskayaw
Vehumet
Wu Jian
Xom
Yredelemnul
Zin
The Shining One
Beogh
Jiyva
Lugonu


Innate Abilities, Weirdness & Mutations

You are resistant to torment.
Your stone body is resilient. (AC +8)
You are immune to poison.
You resist negative energy. (rN+)
You are resistant to electric shocks. (rElec)
You can survive without breathing.
You are immune to petrification.
You are immune to rotting.


Message History

* * * LOW HITPOINT WARNING * * *
You slash Frances! You burn Frances.
Frances is almost dead.
You barely miss something. You closely miss the soul eater.
You are no longer berserk.
You are exhausted.
You feel yourself slow down. The soul eater closely misses you.
The Brimstone Fiend calls on the powers of darkness!
You feel a surge of unholy energy.
Frances convulses!
You hit Frances. You burn Frances.
You kill Frances!
Trog accepts your kill.
Trog appreciates your killing of a magic user.
Something appears at your feet! Trog grants you a weapon!
The soul eater disappears in a puff of smoke! x2
The chaos spawn degenerates into a cloud of primal chaos!
Your Fighting skill increases to level 17!
You slice something!! You burn something. Something hits you!
You die...

#..# #..#
#..# #..#
#''# ##''#
##...#
##)).##
#)@§##
....§{§)##
....#§.1#
... ##..+
#. ...# .
....#
......
#...#.


You could see a Brimstone Fiend.

Vanquished Creatures
  Frances (D)
  A nagaraja (D)
  2 deep elf demonologists (D)
  2 deep elf high priests (D)
  An ice dragon (D)
  An alligator (D)
  A merfolk avatar (D)
  3 hell hogs (D)
  A flayed ghost (D)
  A lindwurm (D)
  A necromancer (D)
  2 deep elf magi (D)
  An elephant (D)
  2 manticores (D)
  Psyche (D)
  A black mamba (D)
  A molten gargoyle (D)
  A gargoyle (D)
  A jumping spider (D)
  5 blink frogs (D)
  A bog body (D)
  A snapping turtle (D)
  A shadow (D)
  A water elemental (D)
  A tarantella (D)
  A neqoxec (D)
  A steam dragon (D)
  2 soldier ants (D)
  3 swamp drakes (D)
  2 sky beasts (D)
  2 phantoms (D)
  An eye of draining (D)
  9 wolves (D)
  A centaur (D)
  A crimson imp (D)
  A gnoll shaman (D)
  An orc priest (D)
  A hound (D)
  2 iron imps (D)
  An orc wizard (D)
  A hell rat (D)
  A mummy (D)
  5 gnolls (D)
  2 adders (D)
  2 ufetubi (D)
  An adder zombie (D)
  2 adder skeletons (D)
  An adder simulacrum (D)
  2 orcs (D)
  3 giant cockroaches (D)
  A goblin (D)
  3 jackals (D)
  2 quokkas (D)
  A bat simulacrum (D)
91 creatures vanquished.

Vanquished Creatures (collateral kills)
  A merfolk aquamancer (D)
  A molten gargoyle (D)
  A spiny frog (D)
  A merfolk (D)
  A polar bear (D)
  A tyrant leech (D)
  A flying skull (D)
  A redback (D)
  A water elemental (D)
  A black bear (D)
  9 wolves (D)
  A river rat (D)
  2 jackals (D)
22 creatures vanquished.

Vanquished Creatures (others)
  A hell hog (D)
1 creature vanquished.

Grand Total: 114 creatures vanquished

Notes
Turn   | Place    | Note
-------+----------+-------------------------------------------
     0 | D        | Fang the Gargoyle Berserker began the quest for the Orb.
     0 | D        | Reached XP level 1. HP: 14/14 MP: 1/1
    18 | D        | Reached skill level 3 in Axes
    25 | D        | Found a bloodstained altar of Trog.
    25 | D        | Found a deep blue altar of Sif Muna.
    25 | D        | Found a viscous altar of Jiyva.
    25 | D        | Found a hazy altar of Hepliaklqana.
    25 | D        | Found an opulent altar of Gozag.
    26 | D        | Found a glowing golden altar of the Shining One.
    26 | D        | Found a glowing silver altar of Zin.
    26 | D        | Found a basalt altar of Yredelemnul.
    26 | D        | Found a shimmering altar of Xom.
    26 | D        | Found an ornate altar of the Wu Jian Council.
    26 | D        | Found a sacrificial altar of Ru.
    26 | D        | Found a stormy altar of Qazlal.
    26 | D        | Found an iron altar of Okawaru.
    26 | D        | Found a sparkling altar of Nemelex Xobeh.
    26 | D        | Found a burning altar of Makhleb.
    26 | D        | Found a blossoming altar of Fedhas.
    26 | D        | Found a white marble altar of Elyvilon.
    26 | D        | Found a shadowy altar of Dithmenos.
    26 | D        | Found a snail-covered altar of Cheibriados.
    28 | D        | Found a radiant altar of Vehumet.
    28 | D        | Found a corrupted altar of Lugonu.
    28 | D        | Found a roughly hewn altar of Beogh.
    91 | D        | Reached XP level 2. HP: 15/20 MP: 2/2
    95 | D        | Reached ** piety under Trog
    95 | D        | Reached skill level 4 in Axes
   321 | D        | Reached skill level 5 in Fighting
   337 | D        | Reached XP level 3. HP: 26/26 MP: 3/3
   337 | D        | Reached *** piety under Trog
   338 | D        | Reached XP level 4. HP: 32/32 MP: 4/4
   339 | D        | Reached skill level 5 in Axes
   468 | D        | Noticed a phantom
   485 | D        | Reached **** piety under Trog
   491 | D        | Killed a phantom
   491 | D        | Reached skill level 6 in Axes
   491 | D        | Reached skill level 1 in Stealth
   491 | D        | Reached XP level 5. HP: 38/38 MP: 5/5
   493 | D        | Reached skill level 7 in Axes
   496 | D        | Noticed a black bear
   503 | D        | Killed a black bear
   503 | D        | Reached XP level 6. HP: 40/45 MP: 6/6
   517 | D        | Reached skill level 8 in Axes
   517 | D        | Reached skill level 5 in Armour
   522 | D        | Reached ***** piety under Trog
   726 | D        | Noticed a swamp drake
   735 | D        | Killed a swamp drake
   735 | D        | Reached skill level 5 in Dodging
   775 | D        | Noticed a phantom
   780 | D        | Reached skill level 9 in Axes
   780 | D        | Reached XP level 7. HP: 50/51 MP: 7/7
   789 | D        | Received a gift from Trog
   800 | D        | Noticed a deep elf mage
   800 | D        | Noticed a soldier ant
   810 | D        | Killed a soldier ant
   815 | D        | Killed a deep elf mage
   815 | D        | Reached skill level 10 in Fighting
   815 | D        | Reached skill level 11 in Axes
   815 | D        | Reached XP level 8. HP: 39/58 MP: 8/8
  1050 | D        | Found a hide-covered altar of Uskayaw.
  1050 | D        | Found an ancient bone altar of Kikubaaqudgha.
  1050 | D        | Found a shattered altar of Ashenzari.
  1071 | D        | Noticed a blink frog
  1071 | D        | Noticed a blink frog
  1072 | D        | Noticed a blink frog
  1074 | D        | Noticed a blink frog
  1076 | D        | Noticed a black mamba
  1077 | D        | Noticed a blink frog
  1079 | D        | Killed a blink frog
  1083 | D        | Killed a blink frog
  1083 | D        | Killed a blink frog
  1083 | D        | Received a gift from Trog
  1083 | D        | Reached skill level 12 in Axes
  1083 | D        | Reached XP level 9. HP: 64/64 MP: 9/9
  1085 | D        | Killed a black mamba
  1144 | D        | Noticed a jumping spider
  1154 | D        | Reached skill level 13 in Axes
  1154 | D        | Reached skill level 10 in Armour
  1158 | D        | Noticed a spiny frog
  1162 | D        | Killed a spiny frog
  1165 | D        | Killed a jumping spider
  1376 | D        | Received a gift from Trog
  1379 | D        | Noticed a molten gargoyle
  1384 | D        | Killed a molten gargoyle
  1384 | D        | Reached XP level 10. HP: 72/72 MP: 3/10
  1396 | D        | Reached skill level 14 in Axes
  1501 | D        | Noticed a gargoyle
  1501 | D        | Noticed a lindwurm
  1506 | D        | Killed a gargoyle
  1509 | D        | Killed a lindwurm
  1640 | D        | Noticed a manticore
  1640 | D        | Noticed an elephant
  1640 | D        | Noticed a deep elf mage
  1646 | D        | Killed a deep elf mage
  1646 | D        | Reached ****** piety under Trog
  1649 | D        | Killed a manticore
  1649 | D        | Reached skill level 15 in Axes
  1656 | D        | Killed an elephant
  1656 | D        | Received a gift from Trog
  1948 | D        | Noticed a necromancer
  1962 | D        | Received a gift from Trog
  1970 | D        | Killed a necromancer
  1970 | D        | Reached XP level 11. HP: 79/79 MP: 3/11
  2036 | D        | Noticed a hell hog
  2036 | D        | Noticed a hell hog
  2036 | D        | Noticed a hell hog
  2038 | D        | Noticed a hell hog
  2042 | D        | Killed a hell hog
  2042 | D        | Reached skill level 16 in Axes
  2046 | D        | Killed a hell hog
  2049 | D        | Killed a hell hog
  2053 | D        | Received a gift from Trog
  2057 | D        | Killed a hell hog
  2193 | D        | Noticed a merfolk aquamancer
  2205 | D        | Received a gift from Trog
  2205 | D        | Reached skill level 17 in Axes
  2220 | D        | Received a gift from Trog
  2223 | D        | Killed a merfolk aquamancer
  2582 | D        | Noticed Psyche
  2589 | D        | Killed Psyche
  2589 | D        | Received a gift from Trog
  2589 | D        | Reached skill level 15 in Fighting
  2627 | D        | Reached skill level 5 in Stealth
  2636 | D        | Noticed a manticore
  2639 | D        | Noticed an alligator
  2643 | D        | Killed a manticore
  2648 | D        | Killed an alligator
  2822 | D        | Received a gift from Trog
  2876 | D        | Noticed a merfolk avatar
  2877 | D        | Noticed a flayed ghost
  2883 | D        | Killed a flayed ghost
  2883 | D        | Reached skill level 18 in Axes
  2883 | D        | Reached XP level 12. HP: 72/88 MP: 4/12
  2890 | D        | Killed a merfolk avatar
  2958 | D        | Noticed an ice dragon
  2976 | D        | Noticed a deep elf demonologist
  2976 | D        | Noticed a deep elf demonologist
  2977 | D        | Noticed a black draconian knight
  2978 | D        | Noticed a deep elf high priest
  2978 | D        | Noticed a nagaraja
  2979 | D        | Noticed an Executioner
  2979 | D        | Noticed Frances
  2981 | D        | Killed an ice dragon
  2982 | D        | Noticed a deep elf high priest
  2982 | D        | Noticed an ancient lich
  2985 | D        | Noticed an ogre mage
  2985 | D        | Killed a deep elf demonologist
  2985 | D        | Received a gift from Trog
  2987 | D        | Noticed an Executioner
  2987 | D        | Noticed a vampire mage
  2987 | D        | Killed a deep elf demonologist
  2990 | D        | Noticed a Brimstone Fiend
  2991 | D        | Noticed a soul eater
  2991 | D        | Killed a deep elf high priest
  2994 | D        | Killed a nagaraja
  2994 | D        | Reached skill level 19 in Axes
  2998 | D        | Killed a deep elf high priest
  2999 | D        | Noticed a soul eater
  2999 | D        | HP: 4/135 [something (7)]
  3001 | D        | Killed Frances
  3001 | D        | Received a gift from Trog
  3001 | D        | Slain by a black draconian knight

Skill      XL: |  1  2  3  4  5  6  7  8  9 10 11 12 |
---------------+-------------------------------------+-----
Axes           | 3 4 6 7 9 11 12 13 15 18 19 | 19.6
Fighting       | 4 5 7 8 9 10 11 12 13 15 17 | 17.1
Dodging        | 2 3 4 5 6 7 8 9 |  9.4
Armour         | 3 4 5 7 8 10 11 12 13 | 13.6
Stealth        | 1 2 3 5 6 |  6.6

Action                   |  1- 3 |  4- 6 |  7- 9 | 10-12 || total
-------------------------+-------+-------+-------+-------++-------
Melee: Hand axe          |    32 |    58 |    38 |    29 ||   157
       Battleaxe         |       |       |    16 |   141 ||   157
Invok: Berserk           |     1 |     2 |     4 |     6 ||    13
       Brothers in Arms  |       |     1 |     1 |     3 ||     5
  Use: Potion            |       |       |       |     2 ||     2
 Stab: Confused          |       |       |       |     3 ||     3
  Eat: Chunk             |       |     2 |     5 |    10 ||    17
       Ration            |       |       |       |     1 ||     1
Armor: Animal skin       |    17 |     1 |       |       ||    18
       Scale mail        |       |    28 |    28 |   109 ||   165
Dodge: Dodged            |    22 |    48 |    34 |   119 ||   223
